 Dungeon Crawl Stone Soup version 0.29-a0-866-g0545e20025 (webtiles) character file.

Game seed: 10830037960859443550

128 Malachi the Sneak (level 4, -7/26 HPs)
             Began as a Vampire Brigand on July 17, 2022.
             Mangled by an ogre
             ... wielding a +0 giant club
              (16 damage)
             ... on level 4 of the Dungeon.
             The game lasted 00:03:42 (2969 turns).

Malachi the Sneak (Vampire Brigand)                 Turns: 2969, Time: 00:03:43

Health: -7/26      AC:  0    Str:  8 (10) XL:     4   Next: 87%
Magic:  2/4        EV: 18    Int: 11 (13) God:
Gold:   182        SH:  0    Dex: 20 (22) Spells: 3/3 levels left

rFire   . . .      SeeInvis +   (weapon currently unavailable)
rCold   + + .      Faith    .   (shield currently unavailable)
rNeg    + + +      Spirit   .   (body armour currently unavailable)
rPois   ∞          Reflect  .   (helmet currently unavailable)
rElec   .          Harm     .   (cloak currently unavailable)
rCorr   .          Rampage  .   (gloves currently unavailable)
Will    .....                   (boots currently unavailable)
Stlth   +++++.....              (no amulet)
HPRegen 0.00/turn               (ring currently unavailable)
MPRegen 0.09/turn               (ring currently unavailable)

@: bat-form, flying, bloodless, inhibited regen, very quick
A: fast, flying, no casting, tiny, bloodless, fangs 3, see invisible, vampiric 2
a: Revivify, End Transformation


You were on level 4 of the Dungeon.
You were a vampire bat.
You visited 1 branch of the dungeon, and saw 4 of its levels.

You collected 182 gold pieces.

Inventory:

Hand Weapons
 a - a +2 dagger (melded)
Missiles
 d - 17 poisoned darts (quivered)
 e - 3 curare-tipped darts
Armour
 b - a +0 robe (melded)
 c - a +0 cloak (melded)
Jewellery
 m - a ring of protection from cold
 o - a ring of positive energy
 q - an amulet of guardian spirit
Scrolls
 i - 2 scrolls of teleportation
 r - a scroll of enchant weapon
Potions
 f - a potion of brilliance
 g - a potion of invisibility
 h - a potion of haste {unknown}
 j - 4 potions of curing
 l - a potion of flight {unknown}
 n - 2 potions of heal wounds
 p - a potion of resistance {unknown}


   Skills:
 - Level 1.7 Fighting
 * Level 5.6 Short Blades
 - Level 1.5 Throwing
 - Level 1.1 Dodging
 - Level 5.8 Stealth


You had 3 spell levels left.
You didn't know any spells.
Your spell library contained the following spells:

 Spells                   Type           Power      Damage    Failure   Level
 Shock                    Conj/Air       0%         1d3       34%         1
 Swiftness                Air            0%         N/A       71%         3
 Airstrike                Air            0%         0-1+      98%         4


Dungeon Overview and Level Annotations

Branches:
Dungeon (4/15)
 Temple: D:4-7

Altars:
Gozag


Innate Abilities, Weirdness & Mutations

You are a vampire bat.
You are tiny and dextrous.
You move quickly.
You are flying.
You are immune to poison.
Your equipment is almost entirely melded.
You are incapable of wielding weapons or throwing items.
You cannot cast spells.
You do not regenerate when monsters are visible.
You are frail without blood (-20% HP).
You can heal yourself when you bite living creatures.
You are immune to poison.
You have razor-sharp teeth.
You have supernaturally acute eyesight. (SInv)
You are afflicted with vampirism and can become a bat while bloodless.


Message History

You feel aware of your surroundings.
You sensed 1 shop/portal.
You climb upwards.
There is a stone staircase leading down here.
Unknown command.
You see here a +0 club.
There is a stone staircase leading down here.
You climb downwards.
You hear the sound of rushing water.
There is an entrance to a sewer on this level.
Hurry and find it before the portal rusts away!
There is a stone staircase leading up here.
You hear the slow rusting of a very distant drain.
A hobgoblin comes into view.
The helpless hobgoblin fails to defend itself.
You spit the hobgoblin like a pig!!!
You kill the hobgoblin!
Found a book of the Hunter.
An ogre comes into view. It is wielding a +0 giant club.
Found a scroll labelled RENENIUTHI.
The ogre shouts!
Okay, then.
You aren't carrying any items that you can evoke.
Okay, then.
Okay, then.
You open the door.
A giant cockroach comes into view.
There is an open door here.
You begin bloodletting.
You continue bloodletting. x3
The ogre barely misses you.
You continue bloodletting.
The ogre hits you with a +0 giant club!!
Ouch! That really hurt!
You continue bloodletting.
You become bloodless.
The ogre attacks as you move away! The ogre closely misses you.
You turn into a vampire bat.
Your +2 dagger melds into your body.
Your +0 cloak melds into your body.
Your +0 robe melds into your body.
You feel weakened.
You feel dopey.
You feel clumsy. The ogre hits you with a +0 giant club!
Ouch! That really hurt!
You die...

,,,,,,,***********,*
*,,,,,,,+ **,,,,,* *,*
*,,,,,,,* *,...,* *,*
*,,,,,,,, *,.B..* *,*
**,,,,,,, **,....#####
*,* *,,,,,,,
*,,........# *,*
*******, *,,........#
*,# *,
*,,........#######.# *,
*,,........'.B.Ob..# *,
*,,........############
*,
*,,......:....#......<#
*,
*,,.?.......#.#.#######
*, *,,.........#.#.# **
*,,.........#.#.#
***######+#.#.#.#
#.#.#.#.# #.#.#.#.#


You could see an ogre and a giant cockroach.

Vanquished Creatures
  A hound (D:3)
  A gnoll (D:3)
  2 adders
  A worm (D:3)
  3 dart slugs
  6 endoplasms
  4 giant cockroaches
  A goblin (D:2)
  5 hobgoblins
  3 quokkas (D:3)
  6 ball pythons
  10 bats
  6 frilled lizards
  8 kobolds
  7 rats
64 creatures vanquished.

Vanquished Creatures (others)
  11 plants (D:1)
11 creatures vanquished.

Grand Total: 75 creatures vanquished

Notes
Turn   | Place    | Note
-------+----------+-------------------------------------------
     0 | D:1      | Malachi the Vampire Brigand began the quest for the Orb.
     0 | D:1      | Reached XP level 1. HP: 16/16 MP: 1/1
   187 | D:1      | Reached XP level 2. HP: 22/22 MP: 2/2
   252 | D:1      | Found a faded altar of an unknown god.
   774 | D:1      | Gained mutation: You are afflicted with vampirism and can
                  | become a bat while bloodless. [Vampire growth]
   774 | D:1      | Reached XP level 3. HP: 27/27 MP: 3/3
  1813 | D:2      | Found an opulent altar of Gozag.
  1988 | D:3      | Reached skill level 5 in Short Blades
  1988 | D:3      | Reached XP level 4. HP: 33/33 MP: 4/4
  2953 | D:4      | Noticed an ogre
  2969 | D:4      | Mangled by an ogre

Illustrated notes

Levels and vault maps discovered:
D:1:      sevenhm_arrival_forest_fort_large_1, layout_basic,
          basic_ecumenical_altar, lexackson_kobold_supper
D:2:      layout_basic, basic_altar, wander_ebering_terrifying_dragon_lair
D:3:      minmay_skewed_foursquare, layout_rooms
D:4:      layout_basic, cheibrodos_sewer_entry_bend, st_stairs_8

Skill      XL: |  1  2  3 |
---------------+----------+-----
Short Blades   | 3 5 |  5.6
Fighting       | |  1.7
Throwing       | |  1.5
Dodging        | |  1.1
Stealth        | |  5.8

Action                   |  1- 3 |  4- 6 || total
-------------------------+-------+-------++-------
Melee: Dagger            |   120 |    45 ||   165
       Bite              |    12 |       ||    12
 Abil: Bat Form          |       |     1 ||     1
       Exsanguinate      |       |     1 ||     1
  Use: Scroll            |     5 |     5 ||    10
 Stab: Sleeping          |    12 |     6 ||    18
Armor: Robe              |    32 |     3 ||    35
Dodge: Dodged            |    73 |    22 ||    95

Table legend: (Time is in decaauts)
 A = Elapsed time spent in this place.
 B = Non-inter-level travel time spent in this place.
 C = Inter-level travel time spent in this place.
 D = Time resting spent in this place.
 E = Time spent auto-exploring this place.
 F = Levels seen in this place.
 G = Mean time per level.
                   A        B        C        D        E       F      G
               +--------+--------+--------+--------+--------+-----+--------+
         Total |   2936 |   2842 |     94 |    145 |   2180 |   4 |  734.0 |
       Dungeon |   2936 |   2842 |     94 |    145 |   2180 |   4 |  734.0 |
               +--------+--------+--------+--------+--------+-----+--------+

Top non-repeatable levels by time:
     D:1: 1124 daAuts
     D:3: 967 daAuts
     D:2: 792 daAuts
     D:4: 52 daAuts
